 Dungeon Crawl Stone Soup version 0.21-a0-584-g185da8e (webtiles) character file.

2541 torrenera the Frost Mage (level 9, -2/62 HPs)
             Began as a Demigod Ice Elementalist on Dec 20, 2017.
             Slain by an orc priest
             ... wielding a +0 flail
              (3 damage)
             ... on level 7 of the Dungeon.
             The game lasted 00:19:05 (8953 turns).

torrenera the Frost Mage (Demigod Ice Elementalist) Turns: 8953, Time: 00:19:09

Health: -2/62      AC:  6    Str: 11    XL:     9   Next: 9%
Magic:  12/19      EV: 12    Int: 25    God:
Gold:   326        SH:  0    Dex: 16    Spells: 3/17 levels left

rFire    + . .     SeeInvis .   x - +2 flail (venom)
rCold    . . .     Gourm    .   (no shield)
rNeg     + . .     Faith    .   d - +0 leather armour
rPois    .         Spirit   .   n - +1 helmet
rElec    .         Reflect  .   (no cloak)
rCorr    .         Harm     .   (no gloves)
MR       .....                  J - +0 pair of boots
Stlth    ++........             (no amulet)
HPRegen  0.20/turn              C - ring of positive energy
MPRegen  0.16/turn              w - ring of protection from fire

@: no status effects
A: high mp 1
a: no special abilities


You were on level 7 of the Dungeon.
You were not hungry.

You visited 1 branch of the dungeon, and saw 7 of its levels.

You collected 326 gold pieces.

Inventory:

Hand Weapons
 x - a +2 flail of venom (weapon)
 z - a +1 whip of flaming
 D - a +0 flail of holy wrath
 M - a +0 blowgun
Missiles
 i - 241 stones
 l - 6 javelins (quivered)
 m - 9 poisoned needles
Armour
 d - a +0 leather armour (worn)
 j - a cursed +0 scale mail
 n - a +1 helmet (worn)
 u - a +2 ring mail of positive energy
 J - a +0 pair of boots (worn)
Jewellery
 r - an uncursed ring of see invisible
 w - a ring of protection from fire (right hand)
 C - a ring of positive energy (left hand)
Wands
 B - a wand of flame (49)
 F - a wand of digging (9)
Scrolls
 a - a scroll of amnesia {unknown}
 e - 2 scrolls of magic mapping {unknown}
 f - 2 scrolls of noise {unknown}
 g - 3 scrolls of fear {unknown}
 h - 2 scrolls of fog {unknown}
 k - 4 scrolls of identify {unknown}
 o - 2 scrolls of remove curse {unknown}
 s - 2 scrolls of teleportation {unknown}
 t - 2 scrolls of blinking {unknown}
 y - a scroll of random uselessness {unknown}
 A - a scroll of enchant armour {unknown}
Potions
 p - 2 potions of flight {unknown}
 q - 2 potions of cancellation
 v - a potion of lignification {unknown}
 E - a potion of curing {unknown}
 G - a potion of invisibility {unknown}
 H - 3 potions of heal wounds {unknown}
 I - 2 potions of might {unknown}
Books
 b - a book of Frost

   Spells                             Type                      Level
   a - Freeze                         Ice                          1
   b - Throw Frost                    Conjuration/Ice              2
   c - Ozocubu's Armour               Charms/Ice                   3
   d - Throw Icicle                   Conjuration/Ice              4
   e - Summon Ice Beast               Ice/Summoning                4
 K - a book of Maledictions

   Spells                             Type                      Level
   a - Corona                         Hexes                        1
   b - Ensorcelled Hibernation        Hexes/Ice                    2
   c - Confuse                        Hexes                        3
   d - Tukima's Dance                 Hexes                        3
   e - Dazzling Spray                 Conjuration/Hexes            3
Comestibles
 c - 11 rations


   Skills:
 - Level 1.7 Dodging
 - Level 1.7 Stealth
 - Level 4.5 Spellcasting
 + Level 4.0 Conjurations
 - Level 3.0 Summonings
 - Level 9.6 Ice Magic


You had 3 spell levels left.
You knew the following spells:

 Your Spells              Type           Power        Failure   Level  Hunger
a - Freeze                Ice            ####         1%          1    None
b - Throw Frost           Conj/Ice       #####.       1%          2    None
c - Ozocubu's Armour      Chrm/Ice       ####....     4%          3    ##.....
d - Summon Ice Beast      Ice/Summ       #####...     9%          4    ####...
e - Throw Icicle          Conj/Ice       #####...     7%          4    ####...


Dungeon Overview and Level Annotations

Branches:
Dungeon (7/15)             Temple (0/1) D:6


Innate Abilities, Weirdness & Mutations

You have an increased reservoir of magic. (+10% MP)


Message History

Casting: Freeze
Confirm with . or Enter, or press ? or * to list all spells.
Aiming: Freeze
Press: ? - help, Shift-Dir - straight line, f/p - orc
Aim: an orc, wielding a trident (moderately wounded)
You freeze the orc.
You kill the orc!
The orc warrior shouts!
The orc wizard hits you with a war axe.
* * * LOW HITPOINT WARNING * * *
The orc warrior hits you with a scimitar!
* * * LOW HITPOINT WARNING * * *
It was a potion of cancellation.
Your magical effects are unravelling.
You feel magically purged.
Your magical contamination has completely faded away.
You feel yourself speed up.
The orc wizard hits you but does no damage.
The orc priest hits you with a flail.
You die...

.. #...............#......
... #...............#......
....#..#########'####......
....####...................
...........................
...........................
.......oo..................
........###o###......######
........#.@o..#......#
#........#..o..+......+
#....o...####'##......#
#.....................#
#...o.o...............#
#.....................#
#.....................#
+.....................#
#.....................#


You could see an orc warrior, an orc priest and an orc wizard.

Vanquished Creatures
  Pikel (D:4)
  A hippogriff (D:7)
  An ice beast (D:6)
  A sky beast (D:6)
  2 ogres
  A centaur (D:6)
  3 bullfrogs
  3 howler monkeys
  3 vampire bats (D:6)
  A jelly (D:6)
  A bullfrog zombie (D:5)
  3 orc priests
  A centaur skeleton (D:4)
  5 hounds
  Jessica (D:3)
  Terence (D:2)
  3 iguanas
  2 orc wizards
  5 worker ants (D:4)
  A hound skeleton (D:4)
  Robin (D:2)
  5 adders
  4 gnolls
  A shadow imp (D:6)
  An adder skeleton (D:5)
  2 worms (D:3)
  3 dart slugs
  4 leopard geckos
  23 orcs
  A bat skeleton (D:6)
  3 bat zombies (D:6)
  4 giant cockroaches
  15 goblins
  8 hobgoblins
  4 jackals
  5 quokkas
  A ball python (D:6)
  7 bats
  4 frilled lizards
  A jackal skeleton (D:4)
  6 kobolds
  4 rats
147 creatures vanquished.

Vanquished Creatures (collateral kills)
  Menkaure (D:6)
  A gnoll sergeant (D:6)
  2 howler monkeys (D:7)
  2 gnolls (D:6)
6 creatures vanquished.

Vanquished Creatures (others)
  A crimson imp (D:7)
  A jelly (D:7)
2 creatures vanquished.

Grand Total: 155 creatures vanquished

Notes
Turn   | Place    | Note
-------+----------+-------------------------------------------
     0 | D:1      | torrenera the Demigod Ice Elementalist began the quest for the Orb.
     0 | D:1      | Reached XP level 1. HP: 14/14 MP: 5/5
   195 | D:1      | Reached skill level 3 in Ice Magic
   697 | D:1      | Reached XP level 2. HP: 20/20 MP: 5/7
  1269 | D:1      | You fall through a shaft!
  1276 | D:2      | Noticed Robin
  1287 | D:2      | Reached XP level 3. HP: 16/26 MP: 0/8
  1312 | D:3      | Reached skill level 4 in Ice Magic
  1784 | D:2      | Killed Robin
  1907 | D:2      | Found a glowing silver altar of Zin.
  1939 | D:2      | Noticed Terence
  1948 | D:2      | Killed Terence
  1948 | D:2      | Reached XP level 4. HP: 23/33 MP: 3/9
  2052 | D:2      | Learned a level 2 spell: Throw Frost
  2056 | D:2      | Learned a level 3 spell: Ozocubu's Armour
  2428 | D:2      | Reached skill level 5 in Ice Magic
  2435 | D:2      | Found a burning altar of Makhleb.
  2588 | D:2      | Found a radiant altar of Vehumet.
  3081 | D:3      | Noticed Jessica
  3085 | D:3      | Killed Jessica
  3085 | D:3      | Reached XP level 5. HP: 38/38 MP: 7/10
  3216 | D:3      | Reached skill level 6 in Ice Magic
  4468 | D:4      | Noticed an ogre
  4901 | D:4      | Reached XP level 6. HP: 45/45 MP: 7/12
  5020 | D:4      | Found a deep blue altar of Sif Muna.
  5347 | D:4      | Noticed Pikel
  5361 | D:4      | Killed Pikel
  5361 | D:4      | Reached skill level 7 in Ice Magic
  5361 | D:4      | Reached XP level 7. HP: 40/50 MP: 9/17
  5797 | D:4      | Learned a level 4 spell: Summon Ice Beast
  5834 | D:4      | Found an opulent altar of Gozag.
  5912 | D:4      | Learned a level 4 spell: Throw Icicle
  5935 | D:5      | Entered Level 5 of the Dungeon
  6260 | D:5      | Found a shadowy altar of Dithmenos.
  6328 | D:5      | Reached skill level 1 in Summonings
  6328 | D:5      | Reached skill level 8 in Ice Magic
  6328 | D:5      | Reached XP level 8. HP: 37/57 MP: 11/18
  6657 | D:5      | Found a sacrificial altar of Ru.
  7319 | D:6      | Reached skill level 9 in Ice Magic
  7379 | D:6      | Found a glowing golden altar of the Shining One.
  8087 | D:6      | Found a hide-covered altar of Uskayaw.
  8088 | D:6      | Found a white marble altar of Elyvilon.
  8088 | D:6      | Found a snail-covered altar of Cheibriados.
  8089 | D:6      | Found a shattered altar of Ashenzari.
  8089 | D:6      | Found a bloodstained altar of Trog.
  8093 | D:6      | Found a hazy altar of Hepliaklqana.
  8293 | D:6      | Found a staircase to the Ecumenical Temple.
  8430 | D:6      | Found an ancient bone altar of Kikubaaqudgha.
  8439 | D:6      | Reached skill level 1 in Conjurations
  8524 | D:6      | Noticed Menkaure
  8534 | D:6      | Killed Menkaure
  8753 | D:7      | Noticed a hippogriff
  8761 | D:7      | Killed a hippogriff
  8761 | D:7      | Reached XP level 9. HP: 38/62 MP: 13/19
  8952 | D:7      | HP: 1/62 [orc warrior/scimitar (16)]
  8953 | D:7      | Slain by an orc priest

Vault maps used:
D:1:      dpeg_arrival_fog
D:2:      vehumet_crystals, lemuel_crystal_altar, makhleb_heckhound_becter,
          uniq_terence, uniq_robin
D:3:      uniq_jessica
D:4:      kennysheep_mini, kennysheep_little_box, first_ration, uniq_pikel
D:5:      nicolae_overflow_crystal_walls, old_standard_altar
D:6:      kennysheep_vampire_church, grunt_temple_overflow_open,
          old_standard_altar, minmay_temple_entry_nine_rooms, uniq_menkaure
D:7:      serial_shops, shop_coins, grunt_ogre_cave

Skill      XL: |  1  2  3  4  5  6  7  8  9 |
---------------+----------------------------+-----
Ice Magic      | 3 4 5 6 7 8 9 |  9.6
Spellcasting   | 2 4 |  4.5
Summonings     | 1 3 |  3.0
Conjurations   | 3 4 |  4.0
Dodging        | |  1.7
Stealth        | |  1.7

Action                   |  1- 3 |  4- 6 |  7- 9 || total
-------------------------+-------+-------+-------++-------
Melee: Dagger            |    36 |    64 |       ||   100
       Flail             |       |    26 |    98 ||   124
       Whip              |       |       |    66 ||    66
Throw: Javelin           |     6 |    12 |     6 ||    24
       Stone             |       |     1 |       ||     1
 Cast: Freeze            |    51 |    59 |    65 ||   175
       Throw Frost       |       |     8 |    28 ||    36
       Ozocubu's Armour  |       |       |     9 ||     9
       Summon Ice Beast  |       |       |     4 ||     4
  Use: Potion            |       |       |     1 ||     1
 Stab: Sleeping          |     3 |     6 |     4 ||    13
  Eat: Chunk             |     4 |    11 |    13 ||    28
Armor: Leather armour    |    17 |    29 |    90 ||   136
Dodge: Dodged            |    55 |    74 |   184 ||   313

Table legend:
 A = Spawn XP
 B = Non-spawn XP
 C = Spawn XP percentage of total XP
 D = Spawn monster count
 E = Non-spawn monster count
 F = Spawn count percentage of total count
 G = Total turns spent on level
                    A         B        C        D         E        F      G
               +---------+---------+-------+---------+---------+-------+---------
         Total |       0 |    3631 |   0.0 |       0 |     153 |   0.0 |  8953
               +---------+---------+-------+---------+---------+-------+---------
           D:1 |       0 |      33 |   0.0 |       0 |      18 |   0.0 |  1269
           D:2 |       0 |     147 |   0.0 |       0 |      20 |   0.0 |  1254
           D:3 |       0 |     205 |   0.0 |       0 |      34 |   0.0 |  2070
           D:4 |       0 |    1118 |   0.0 |       0 |      19 |   0.0 |  1556
           D:5 |       0 |     338 |   0.0 |       0 |      18 |   0.0 |   621
           D:6 |       0 |    1320 |   0.0 |       0 |      37 |   0.0 |  1894
           D:7 |       0 |     470 |   0.0 |       0 |       7 |   0.0 |   289
               +---------+---------+-------+---------+---------+-------+---------
